AoeStats
← Nanoha

Pilgrims

507779852Analyzed
3v3 RM · 12d ago on Sep 19, 2026· 45m 23s· 6 players
Game mode
Random Map
Map size
Normal (6 player)
Population
200
Speed
Normal
Resources
Standard
Victory
Conquest
Starting age
Dark Age
Ending age
Imperial Age
RankedLock teamsTeams togetherTeam positionsShared explorationLock speedFull tech treeHidden civsTurbo modeCheats
Victory
Defeat
🇮🇹 Romans · Italy
990
+18
🇦🇷 Celts · Argentina
983
+18
🇺🇸 Huns · United States
950
+19
🇨🇳 Chinese · China
1150
-23
🇨🇳 Goths · China
984
-17
🇨🇳 Franks · China
953
-15
ancientlasers
7:40 Loom
13:05 Feudal Age
13:50 Man-at-Arms
15:11 Double-Bit Axe
20:23 Castle Age
20:11 Fletching
20:54 Forging
21:38 Wheelbarrow
21:34 Scale Barding Armor
25:16 Scale Mail Armor
26:17 Ballistics
32:03 Bodkin Arrow
34:39 Light Cavalry
35:30 Bloodlines
35:20 Husbandry
35:38 Hand Cart
36:54 Horse Collar
39:33 Masonry
44:55 Imperial Age
43:18 Pikeman
43:59 Squires
43:45 Arson
Khruner
12:16 Feudal Age
12:20 Man-at-Arms
14:13 Scale Mail Armor
18:29 Castle Age
17:30 Forging
19:17 Long Swordsman
22:10 Wheelbarrow
21:23 Town Watch
21:32 Double-Bit Axe
21:28 Horse Collar
22:32 Squires
24:13 Pikeman
25:34 Chain Mail Armor
25:29 Gold Mining
28:15 Loom
28:54 Hand Cart
28:56 Heavy Plow
29:31 Bow Saw
36:27 Imperial Age
35:11 Iron Casting
36:47 Legionary
36:47 Halberdier
40:24 Blast Furnace
38:47 Elite Skirmisher
40:15 Conscription
41:37 Gold Shaft Mining
43:00 Comitatenses
44:20 Husbandry
Producto.Machete
6:12 Loom
10:32 Feudal Age
11:34 Double-Bit Axe
15:38 Castle Age
13:20 Horse Collar
13:34 Fishing Lines
16:55 Bow Saw
18:47 Stone Mining
22:46 Wheelbarrow
24:36 Town Watch
24:50 Fletching
25:34 Hand Cart
25:55 Bodkin Arrow
31:37 Imperial Age
30:09 Ballistics
29:45 Murder Holes
30:30 Town Patrol
31:33 Scale Mail Armor
31:44 Forging
31:25 Stronghold
32:46 Conscription
32:42 Chain Mail Armor
32:14 Capped Ram
32:57 Heavy Plow
33:22 Elite Woad Raider
34:46 Iron Casting
36:29 Blast Furnace
36:00 Plate Mail Armor
36:31 Plate Mail Armor
35:45 Treadmill Crane
36:27 Siege Engineers
36:34 Gold Mining
38:02 Furor Celtica
38:51 Masonry
38:21 Treadmill Crane
39:06 Siege Ram
41:22 Chemistry
41:50 Hoardings
42:25 Padded Archer Armor
怀旧型夏露露
5:18 Loom
10:08 Feudal Age
11:47 Double-Bit Axe
15:49 Wheelbarrow
19:18 Castle Age
17:31 Horse Collar
18:33 Gold Mining
18:35 Stone Mining
20:04 Town Watch
22:30 Bow Saw
23:53 Heavy Plow
25:15 Fishing Lines
26:14 Hand Cart
30:43 Imperial Age
29:41 Stone Shaft Mining
29:42 Gold Shaft Mining
29:01 Fletching
29:51 Bodkin Arrow
32:52 Conscription
33:10 Thumb Ring
33:22 Gillnets
33:52 Padded Archer Armor
36:16 Bracer
40:01 Two-Man Saw
39:39 Caravan
40:09 Coinage
40:27 Leather Archer Armor
39:33 Heavy Cavalry Archer
42:28 Ring Archer Armor
42:23 Ballistics
42:51 Town Patrol
43:55 Chemistry
43:06 Masonry
Nanoha
12:47 Feudal Age
13:53 Loom
14:59 Double-Bit Axe
21:29 Wheelbarrow
20:44 Town Watch
35:21 Gold Mining
35:25 Stone Mining
38:52 Castle Age
Aya
11:40 Loom
14:43 Feudal Age
18:51 Castle Age
20:43 Wheelbarrow
22:23 Gold Mining
22:24 Stone Mining
22:37 Double-Bit Axe
24:12 Forging
24:04 Scale Mail Armor
24:08 Stone Mining
24:32 Bow Saw
31:26 Iron Casting
31:07 Chain Mail Armor
31:16 Anarchy
32:15 Hand Cart
35:15 Imperial Age
35:02 Man-at-Arms
36:04 Perfusion
36:26 Conscription
35:36 Pikeman
36:16 Squires
35:49 Long Swordsman
36:20 Two-Handed Swordsman
36:46 Halberdier
39:06 Champion
Connection lost

Rejoining the realm…

Still unreachable

The connection could not be restored.

Session expired

The server has moved on; the page needs a fresh start.